 Dungeon Crawl Stone Soup version 0.30.1 (webtiles) character file.

Game seed: 18228732425477802828

1255 Pepete the Conjurer (level 8, 0/62 HPs)
             Began as a Demigod Conjurer on July 2, 2023.
             Slain by a killer bee (2 damage)
             ... on level 6 of the Dungeon.
             The game lasted 00:15:23 (9454 turns).

Pepete the Conjurer (Demigod Conjurer)              Turns: 9454, Time: 00:15:25

Health: 0/62       AC:  7    Str: 12    XL:     8   Next: 6%
Magic:  8/18       EV: 12    Int: 31    God:
Gold:   258        SH:  0    Dex: 14    Spells: 15/16 levels left

rFire   + + .        b - +6 whip of Excruciating Pain {spect, rF+ Str+4 Int+3 Dex+2}
rCold   . . .        (no shield)
rNeg    . . .        s - +0 robe
rPois   .            h - +2 hat
rElec   .            u - +0 cloak
rCorr   .            n - +1 pair of gloves
SInv    .            (no boots)
Will    .....        (no amulet)
Stlth   ++           j - ring of protection from fire
HPRegen 0.30/turn    (no ring)
MPRegen 0.16/turn

%: no passive effects
@: lethally poisoned (0 -> -4), about to teleport, flying
A: high MP 1, forlorn, divine attributes
a: no special abilities


You were on level 6 of the Dungeon.
You visited 1 branch of the dungeon, and saw 6 of its levels.

You collected 258 gold pieces.

Inventory:

Hand Weapons
 b - the +6 whip of Excruciating Pain (weapon) {spect, rF+ Str+4 Int+3 Dex+2}
   (You found it on level 5 of the Dungeon)

   Str:       It affects your strength (+4).
   Int:       It affects your intelligence (+3).
   Dex:       It affects your dexterity (+2).
   rF:        It protects you from fire.
 l - a +1 long sword
Armour
 a - a +0 robe
 c - a +0 plate armour
 h - a +2 hat (worn)
 i - a +0 robe
 n - a +1 pair of gloves (worn)
 s - a +0 robe (worn)
 u - a +0 cloak (worn)
Jewellery
 j - a ring of protection from fire (left hand)
 p - a ring of fire
Scrolls
 f - 2 scrolls of enchant weapon
 m - a scroll of magic mapping
 o - a scroll of enchant armour
 q - a scroll of identify
 t - 4 scrolls of teleportation
Potions
 e - a potion of flight


   Skills:
 + Level 2.6 Fighting
 - Level 1.6 Long Blades
 + Level 1.8 Maces & Flails
 + Level 3.0 Armour
 - Level 1.7 Dodging
 - Level 1.7 Stealth
 * Level 4.6 Spellcasting
 * Level 6.0 Conjurations
 + Level 2.8 Ice Magic


You had 15 spell levels left.
You knew the following spells:

 Your Spells              Type           Power      Damage    Failure   Level
a - Magic Dart            Conj           100%       1d8       1%          1

Your spell library contained the following spells:

 Spells                   Type           Power      Damage    Failure   Level
 Searing Ray              Conj           88%        2d7       1%          2
 Dazzling Flash           Conj/Hex       50%        N/A       4%          3
 Ozocubu's Armour         Ice            24%        N/A       5%          3
 Fulminant Prism          Conj/Hex       12%        3d9       17%         4
 Iskenderun's Mystic Bla  Conj/Tloc      25%        2d7       17%         4
 Ozocubu's Refrigeration  Ice            12%        4d10      100%        7


Dungeon Overview and Level Annotations

Branches:
Dungeon (6/15)
 Temple: D:4-7


Innate Abilities, Weirdness & Mutations

You have an increased reservoir of magic. (+10% MP)
You shall have no god before yourself.
Your divine heritage dramatically boosts your attributes as you level up.


Message History

The killer bee poisons you!
Your Conjurations skill increases to level 6!
You are too injured to fight recklessly!
You are too injured to fight recklessly!
Unknown command.
You are too injured to fight recklessly!
Casting: Magic Dart (safe; 1% risk of failure)
Confirm with . or Enter, or press ? or * to list all spells.
Aiming: Magic Dart (safe; 1% risk of failure)
Press: ? - help, Shift-Dir - straight line, f - killer bee
Aim: a killer bee (100% to hit)
The magic dart hits the killer bee.
The killer bee is moderately wounded.
* * * LOW HITPOINT WARNING * * *
You feel very sick. The killer bee stings you.
* * * LOW HITPOINT WARNING * * *
You are more poisoned.
The killer bee poisons you!
The killer bee stings you but does no damage. x2
The killer bee barely misses you.
You feel better. The killer bee misses you. The killer bee barely misses you.
The killer bee stings you.
* * * LOW HITPOINT WARNING * * *
The killer bee stings you!
* * * LOW HITPOINT WARNING * * *
Unknown command.
As you read the scroll of teleportation, it crumbles to dust.
You feel strangely unstable. The killer bee stings you.
* * * LOW HITPOINT WARNING * * *
The killer bee closely misses you. x2; The killer bee barely misses you.
Unknown command.
You feel very buoyant.
You fly up into the air.
The killer bee stings you but does no damage.
The killer bee misses you. The killer bee stings you.
* * * LOW HITPOINT WARNING * * *
You are lethally poisoned!
The killer bee poisons you! The killer bee stings you.
You die...

#....#.....##### ##
#...#....#.....#
#.###...#....#.....#
........#....'.....#
.......#....#.....#
.....#....#.....#
#...#....#.....#
##...#y...#.....#
+....@†...#.....#
#....#y...#.....#
##...#....#.....#
#...#....#.....#
#...#....#.....#
#...#....#.....#
#####....#######
######


You could see 2 killer bees.

Vanquished Creatures
  Sigmund (D:2)
  Menkaure (D:4)
  An ice beast (D:6)
  2 phantoms (D:5)
  A scorpion (D:4)
  3 killer bees
  A howler monkey (D:5)
  An orc priest (D:3)
  Crazy Yiuf (D:2)
  2 hounds
  A sleepcap (D:5)
  A gnoll bouda (D:5)
  Terence (D:2)
  An orc wizard (D:5)
  Robin (D:2)
  5 adders
  8 gnolls (D:5)
  2 ufetubi
  A worm (D:2)
  4 dart slugs
  18 orcs
  6 endoplasms
  2 giant cockroaches (D:1)
  24 goblins
  9 hobgoblins
  8 jackals
  2 quokkas
  8 ball pythons
  4 bats
  5 frilled lizards
  6 kobolds
  A rat (D:3)
132 creatures vanquished.

Vanquished Creatures (others)
  A dart slug (D:4)
1 creature vanquished.

Grand Total: 133 creatures vanquished

Notes
Turn   | Place    | Note
-------+----------+-------------------------------------------
     0 | D:1      | Pepete the Demigod Conjurer began the quest for the Orb.
     0 | D:1      | Reached XP level 1. HP: 14/14 MP: 5/5
   398 | D:1      | Reached XP level 2. HP: 20/20 MP: 5/7
  1029 | D:1      | Reached skill level 4 in Conjurations
  1045 | D:1      | Reached skill level 1 in Armour
  1405 | D:1      | Reached XP level 3. HP: 26/26 MP: 6/9
  2506 | D:2      | Noticed Robin
  2514 | D:2      | Killed Robin
  2803 | D:2      | Noticed Sigmund
  3074 | D:3      | Reached XP level 4. HP: 33/33 MP: 6/10
  3127 | D:3      | Reached skill level 1 in Ice Magic
  4049 | D:4      | Noticed Menkaure
  4059 | D:4      | Killed Menkaure
  4060 | D:4      | Reached skill level 1 in Fighting
  4060 | D:4      | Reached skill level 1 in Long Blades
  4060 | D:4      | Reached XP level 5. HP: 22/40 MP: 2/12
  4437 | D:4      | Reached XP level 6. HP: 34/47 MP: 3/14
  5126 | D:5      | Entered Level 5 of the Dungeon
  5131 | D:5      | Reached skill level 5 in Conjurations
  5597 | D:5      | Identified the +6 whip of Excruciating Pain {spect, rF+
                  | Str+4 Int+3 Dex+2}
  6316 | D:5      | Reached XP level 7. HP: 39/53 MP: 5/16
  7338 | D:6      | Noticed a yak
  7338 | D:6      | Noticed a yak
  7339 | D:6      | Noticed a yak
  7339 | D:6      | Noticed a yak
  7364 | D:5      | Reached skill level 1 in Maces & Flails
  7613 | D:2      | Killed Sigmund
  8420 | D:2      | Found a runed translucent door.
  8421 | D:2      | Noticed Crazy Yiuf
  8477 | D:2      | Noticed Terence
  8487 | D:2      | Killed Terence
  8741 | D:2      | Killed Crazy Yiuf
  9445 | D:6      | Reached XP level 8. HP: 62/62 MP: 13/18
  9451 | D:6      | Reached skill level 6 in Conjurations
  9454 | D:6      | HP: 2/62 [killer bee (5)]
  9454 | D:6      | Slain by a killer bee

Illustrated notes

Levels and vault maps discovered:
D:1:      dpeg_arrival_lava_altar, layout_loops_cross,
          chequers_ecumenical_altar_twisty
D:2:      layout_loops_ring, chequers_decorated_corner, st_stairs_10,
          minmay_curled_crystal, uniq_terence, uniq_robin,
          uniq_crazy_yiuf_cottage, uniq_sigmund
D:3:      layout_rooms, nicolae_overflow_hidden_temple
D:4:      kennysheep_the_goblin_king, layout_rooms, elyvilon_altar_4,
          marbit_many_paths, uniq_menkaure
D:5:      layout_loops_cross, lemuel_round_altar
D:6:      layout_gridville

Skill      XL: |  1  2  3  4  5  6  7  8 |
---------------+-------------------------+-----
Spellcasting   | 2 3 4 |  4.6
Conjurations   | 4 5 6 |  6.0
Armour         | 1 2 3 |  3.0
Ice Magic      | 1 2 |  2.8
Fighting       | 1 2 |  2.6
Long Blades    | 1 |  1.6
Maces & Flails | 1 |  1.8
Dodging        | |  1.7
Stealth        | |  1.7

Action                     |  1- 3 |  4- 6 |  7- 9 || total
---------------------------+-------+-------+-------++-------
  Melee: Unarmed           |     7 |       |       ||     7
         Long sword        |       |    11 |       ||    11
         Whip              |       |    12 |    13 ||    25
   Cast: Magic Dart        |   117 |   171 |   109 ||   397
    Use: Scroll            |     6 |     8 |     3 ||    17
         Potion            |     1 |    10 |     8 ||    19
 Armour: Robe              |     2 |    31 |    35 ||    68
         Skin              |       |     5 |       ||     5
  Dodge: Dodged            |    16 |    63 |    55 ||   134
